[Event "VI Floripa Open 2020"]
[Site "Florianopolis"]
[Date "2020.01.21"]
[Round "2.33"]
[White "Guimaraes, Wagner Peixoto"]
[Black "Medrano, Mario"]
[Result "1/2-1/2"]
[ECO "A45"]
[WhiteElo "2230"]
[BlackElo "2032"]
[Annotator "ChessBase"]
[PlyCount "82"]
[EventDate "2020.01.20"]
[EventType "swiss"]
[EventRounds "10"]
[EventCountry "BRA"]
[SourceTitle "playchess.com"]
[Source "ChessBase"]
[SourceQuality "1"]
[TimeControl "5400+30"]

1. d4 Nf6 2. Bg5 Ne4 3. Bf4 d5 4. e3 c6 5. Nd2 Nxd2 6. Qxd2 e6 7. Bd3 Bd6 8. Bg3 Qe7 9. Nf3 Nd7 10. e4 dxe4 11. Bxd6 Qxd6 12. Bxe4 h6 13. O-O O-O 14. c3 b6 15. Rad1 Bb7 16. Rfe1 Rad8 17. Qe3 Qb8 18. Ne5 Nxe5 19. dxe5 Rxd1 20. Rxd1 Rd8 21. Rxd8+ Qxd8 22. Qd4 Qc7 23. f4 Kf8 24. a4 c5 25. Qc4 Bxe4 26. Qxe4 Qd7 27. h3 Qd5 28. Qxd5 exd5 29. f5 h5 30. g4 hxg4 31. hxg4 f6 32. e6 a5 33. Kf2 Ke7 34. Ke3 Kd6 35. Kf4 Ke7 36. Ke3 Kd6 37. Kd3 Ke7 38. Kc2 Kd6 39. b4 Ke7 40. bxc5 bxc5 41. Kd3 Kd6 1/2-1/2

[Event "VI Floripa Open 2020"]
[Site "Florianopolis"]
[Date "2020.01.21"]
[Round "2.34"]
[White "Reichert, Thiago Da Cruz"]
[Black "Do Valle Cardoso, Lucas"]
[Result "1/2-1/2"]
[ECO "E51"]
[WhiteElo "1948"]
[BlackElo "2228"]
[Annotator "ChessBase"]
[PlyCount "117"]
[EventDate "2020.01.20"]
[EventType "swiss"]
[EventRounds "10"]
[EventCountry "BRA"]
[SourceTitle "playchess.com"]
[Source "ChessBase"]
[SourceQuality "1"]
[TimeControl "5400+30"]

1. d4 Nf6 2. c4 e6 3. Nc3 Bb4 4. Bd2 O-O 5. e3 d5 6. Nf3 c5 7. a3 Bxc3 8. bxc3 dxc4 9. Bxc4 b6 10. Qe2 Bb7 11. O-O Qc7 12. Ne5 Nc6 13. Nxc6 Bxc6 14. f3 Rfd8 15. Be1 Rac8 16. Bg3 Qe7 17. Rfc1 Bb7 18. h3 Ne8 19. a4 Nd6 20. Bd3 Nf5 21. Bf4 cxd4 22. cxd4 h6 23. a5 Rxc1+ 24. Rxc1 bxa5 25. Rc5 Rc8 26. Rxc8+ Bxc8 27. Qc2 Qd7 28. Bxf5 exf5 29. Qc5 a4 30. Bc7 a6 31. Ba5 Bb7 32. Bb4 Bd5 33. Kf2 Qb5 34. Kg3 Qxc5 35. Bxc5 g5 36. Kf2 f6 37. g3 Kf7 38. h4 Ke6 39. f4 Bc4 40. hxg5 fxg5 41. fxg5 hxg5 42. Ke1 Kd5 43. Kd2 Ke4 44. Be7 g4 45. Bd6 Kf3 46. Kc3 Bd5 47. Kb4 Bb3 48. Bf4 a5+ 49. Ka3 Ke4 50. Kb2 Kd3 51. Ka1 a3 52. Bg5 a4 53. Bh6 a2 54. Bg5 Ke2 55. Bh6 Kf2 56. Bf4 a3 57. Bb8 Kxe3 58. Bc7 Kxd4 59. Bb8 1/2-1/2

[Event "VI Floripa Open 2020"]
[Site "Florianopolis"]
[Date "2020.01.21"]
[Round "2.35"]
[White "Mesquita, Guilherme"]
[Black "Torres, Federico"]
[Result "1-0"]
[ECO "C24"]
[WhiteElo "1895"]
[BlackElo "2223"]
[Annotator "ChessBase"]
[PlyCount "153"]
[EventDate "2020.01.20"]
[EventType "swiss"]
[EventRounds "10"]
[EventCountry "BRA"]
[SourceTitle "playchess.com"]
[Source "ChessBase"]
[SourceQuality "1"]
[TimeControl "5400+30"]

1. e4 e5 2. Bc4 Nf6 3. d3 c6 4. Nf3 Be7 5. O-O d6 6. Re1 h6 7. c3 Nbd7 8. Be3 Qc7 9. Nbd2 O-O 10. Nf1 d5 11. exd5 Nxd5 12. Qe2 b5 13. Bb3 Ba6 14. Rad1 Rae8 15. Bc1 Bc5 16. Qe4 f5 17. Qh4 Bc8 18. Be3 Be7 19. Qh5 N7f6 20. Qg6 f4 21. Bc1 Ng4 22. Qe4 Bc5 23. d4 exd4 24. Bxd5+ cxd5 25. Qxd5+ Kh8 26. cxd4 Bb4 27. Rxe8 Rxe8 28. Qxb5 Qe7 29. Bxf4 Qe2 30. Qxe2 Rxe2 31. a3 Ba5 32. b4 Nxf2 33. Rc1 Bb7 34. bxa5 Bxf3 35. Ng3 Ra2 36. Be3 Ng4 37. gxf3 Nxe3 38. Nf1 Nd5 39. Rc4 Nf4 40. Ng3 Rxa3 41. Rc1 Kh7 42. Kf2 Rxa5 43. Ke3 Ne6 44. Ne2 Kg6 45. Nf4+ Nxf4 46. Kxf4 Ra2 47. h3 Kf6 48. Rc6+ Ke7 49. Ke5 Kd7 50. Rg6 Re2+ 51. Kd5 Re7 52. Ra6 Kc8 53. f4 Rd7+ 54. Ke4 Kb7 55. Ra1 Kb6 56. d5 Kc5 57. Rc1+ Kd6 58. Rc6+ Ke7 59. Ke5 Rb7 60. Rg6 Kf7 61. Rc6 Ke7 62. f5 Rd7 63. d6+ Kf7 64. Ra6 Ke8 65. Ke6 Kd8 66. Rc6 Rb7 67. Ra6 Ke8 68. Ra3 Rf7 69. Rg3 a5 70. Ra3 Ra7 71. Rb3 Ra8 72. Rb7 Kf8 73. Rf7+ Kg8 74. Rc7 Kf8 75. Kd7 Ra6 76. Rb7 Ra8 77. Kc7 1-0

[Event "VI Floripa Open 2020"]
[Site "Florianopolis"]
[Date "2020.01.21"]
[Round "2.36"]
[White "Cordeiro, Marco Aurelio Zaror"]
[Black "Ribeiro, Regina"]
[Result "0-1"]
[ECO "B16"]
[WhiteElo "2217"]
[BlackElo "1890"]
[Annotator "ChessBase"]
[PlyCount "90"]
[EventDate "2020.01.20"]
[EventType "swiss"]
[EventRounds "10"]
[EventCountry "BRA"]
[SourceTitle "playchess.com"]
[Source "ChessBase"]
[SourceQuality "1"]
[TimeControl "5400+30"]

1. e4 c6 2. d4 d5 3. Nc3 dxe4 4. Nxe4 Nf6 5. Nxf6+ gxf6 6. Nf3 Bg4 7. c3 Qc7 8. Be3 e6 9. h3 Bh5 10. g4 Bg6 11. Nh4 Nd7 12. Nxg6 hxg6 13. Qf3 O-O-O 14. O-O-O Bd6 15. Kb1 g5 16. c4 Kb8 17. Bd3 Rh4 18. a3 Rdh8 19. Ka2 Bf4 20. c5 Nf8 21. Be4 Ng6 22. Rd3 Ne7 23. Qe2 Nd5 24. Bg2 Rd8 25. b4 Rhh8 26. Rb1 a6 27. Qd2 Rd7 28. a4 Kc8 29. b5 axb5 30. axb5 Kd8 31. b6 Qb8 32. Ra3 Ke7 33. Kb2 e5 34. Bxd5 Rxd5 35. Bxf4 gxf4 36. Re1 Rhd8 37. Qxf4 Rxd4 38. Qe3 Qc8 39. f4 Qe6 40. fxe5 f5 41. gxf5 Qxf5 42. Re2 Rb4+ 43. Rb3 Rd3 44. Rxb4 Rxe3 45. Rxe3 Qf2+ 0-1

[Event "VI Floripa Open 2020"]
[Site "Florianopolis"]
[Date "2020.01.21"]
[Round "2.37"]
[White "Caetano, Ryan Wesley Da Costa"]
[Black "Deus Filho, Joaquim de"]
[Result "1-0"]
[ECO "D35"]
[WhiteElo "2202"]
[BlackElo "1881"]
[Annotator "ChessBase"]
[PlyCount "85"]
[EventDate "2020.01.20"]
[EventType "swiss"]
[EventRounds "10"]
[EventCountry "BRA"]
[SourceTitle "playchess.com"]
[Source "ChessBase"]
[SourceQuality "1"]
[TimeControl "5400+30"]

1. d4 d5 2. c4 e6 3. Nc3 Nf6 4. cxd5 exd5 5. Bg5 a6 6. e3 Be6 7. Bd3 Bd6 8. Nge2 h6 9. Bf4 g5 10. Bg3 Nh5 11. Bxd6 Qxd6 12. Qa4+ c6 13. Qc2 Nd7 14. Na4 Qb4+ 15. Kf1 O-O 16. Nc5 Qb6 17. Ng3 Ng7 18. h4 g4 19. h5 Nxc5 20. dxc5 Qc7 21. Qc3 f5 22. Ne2 Rae8 23. Nf4 Bc8 24. Rd1 Rf7 25. Ng6 g3 26. Be2 gxf2 27. Kxf2 f4 28. exf4 Rxe2+ 29. Kxe2 Bg4+ 30. Kd2 d4 31. Qb3 Bxd1 32. Rxd1 Kh7 33. Qd3 Kg8 34. Re1 Qa5+ 35. Kd1 Qxc5 36. g4 b5 37. Re5 Qc4 38. Qxc4 bxc4 39. f5 Rf6 40. Ra5 Rd6 41. Rxa6 Ne8 42. Rxc6 Rd7 43. Rc8 1-0

[Event "VI Floripa Open 2020"]
[Site "Florianopolis"]
[Date "2020.01.21"]
[Round "2.38"]
[White "Carvalho, Guillermo"]
[Black "Serafim Junior, Arnor"]
[Result "1-0"]
[ECO "A53"]
[WhiteElo "2198"]
[BlackElo "1813"]
[Annotator "ChessBase"]
[PlyCount "79"]
[EventDate "2020.01.20"]
[EventType "swiss"]
[EventRounds "10"]
[EventCountry "BRA"]
[SourceTitle "playchess.com"]
[Source "ChessBase"]
[SourceQuality "1"]
[TimeControl "5400+30"]

1. d4 Nf6 2. Nf3 d6 3. g3 Bg4 4. Bg2 c6 5. c4 Nbd7 6. O-O e5 7. Nc3 Be7 8. h3 Bxf3 9. Bxf3 O-O 10. b3 Re8 11. Bb2 Rc8 12. Rc1 Bf8 13. e4 a6 14. Rc2 g6 15. Bg2 Bg7 16. d5 c5 17. Bc1 Qa5 18. Qd3 Rb8 19. Bd2 Qd8 20. h4 h5 21. Bg5 Qa5 22. a4 Nh7 23. Be3 Rf8 24. Bh3 Qd8 25. f3 g5 26. hxg5 f6 27. Be6+ Kh8 28. g6 Ng5 29. Bf5 Bh6 30. f4 exf4 31. gxf4 Kg7 32. Rh2 Rh8 33. fxg5 Bxg5 34. Bxd7 Bxe3+ 35. Qxe3 Qxd7 36. e5 dxe5 37. Ne4 Rh6 38. Rxf6 Qg4+ 39. Rg2 Qd1+ 40. Kh2 1-0

[Event "VI Floripa Open 2020"]
[Site "Florianopolis"]
[Date "2020.01.21"]
[Round "2.39"]
[White "Farias, Edilsom"]
[Black "Curi, Gabriel"]
[Result "1/2-1/2"]
[ECO "D10"]
[WhiteElo "1839"]
[BlackElo "2180"]
[Annotator "ChessBase"]
[PlyCount "64"]
[EventDate "2020.01.20"]
[EventType "swiss"]
[EventRounds "10"]
[EventCountry "BRA"]
[SourceTitle "playchess.com"]
[Source "ChessBase"]
[SourceQuality "1"]
[TimeControl "5400+30"]

1. d4 d5 2. c4 c6 3. cxd5 cxd5 4. Nc3 Nf6 5. Bf4 Nc6 6. e3 a6 7. Bd3 Bg4 8. f3 Bh5 9. g4 Bg6 10. h4 Bxd3 11. Qxd3 e6 12. h5 h6 13. Nge2 Bd6 14. g5 hxg5 15. Bxg5 Be7 16. Nf4 Qb6 17. Bxf6 Bxf6 18. O-O-O O-O-O 19. Kb1 Qa5 20. Rc1 Kb8 21. Nfe2 e5 22. f4 exd4 23. Nxd4 Nxd4 24. exd4 Qb4 25. Rcd1 Qd6 26. Qf5 g6 27. Qg4 gxh5 28. Rxh5 Rxh5 29. Qxh5 Qxf4 30. Qxf7 Qf2 31. a3 Bxd4 32. Qxf2 Bxf2 1/2-1/2

[Event "VI Floripa Open 2020"]
[Site "Florianopolis"]
[Date "2020.01.21"]
[Round "2.40"]
[White "Lemos, Dawton Almino"]
[Black "Dos Santos, Dwlyan Silva"]
[Result "1/2-1/2"]
[ECO "E05"]
[WhiteElo "2179"]
[BlackElo "1793"]
[Annotator "ChessBase"]
[PlyCount "76"]
[EventDate "2020.01.20"]
[EventType "swiss"]
[EventRounds "10"]
[EventCountry "BRA"]
[SourceTitle "playchess.com"]
[Source "ChessBase"]
[SourceQuality "1"]
[TimeControl "5400+30"]

1. d4 Nf6 2. c4 e6 3. Nf3 d5 4. g3 Be7 5. Bg2 O-O 6. O-O a6 7. Qc2 dxc4 8. Qxc4 b5 9. Qc2 Bb7 10. Bd2 Be4 11. Qc1 Nbd7 12. Ba5 Rc8 13. Nbd2 Ba8 14. Qc2 Nb6 15. b4 Bxf3 16. Nxf3 Nc4 17. a4 Nd5 18. axb5 axb5 19. Qb3 Qd6 20. Rfb1 f5 21. e3 Ra8 22. Bf1 Nxa5 23. bxa5 c6 24. Ne5 Ra6 25. Nd3 Qc7 26. Rc1 Rfa8 27. Bg2 Bd6 28. Nc5 Bxc5 29. Rxc5 Qb7 30. Rac1 h6 31. e4 fxe4 32. Bxe4 Rc8 33. Qf3 Qf7 34. Qxf7+ Kxf7 35. Bxd5 exd5 36. Rxd5 cxd5 37. Rxc8 Rxa5 38. Rc7+ Kf6 1/2-1/2

[Event "VI Floripa Open 2020"]
[Site "Florianopolis"]
[Date "2020.01.21"]
[Round "2.41"]
[White "Salvadego, Matheus Henrique De "]
[Black "Zampronha, Wladimir Camilo"]
[Result "0-1"]
[ECO "B80"]
[WhiteElo "1803"]
[BlackElo "2179"]
[Annotator "ChessBase"]
[PlyCount "128"]
[EventDate "2020.01.20"]
[EventType "swiss"]
[EventRounds "10"]
[EventCountry "BRA"]
[SourceTitle "playchess.com"]
[Source "ChessBase"]
[SourceQuality "1"]
[TimeControl "5400+30"]

1. e4 c5 2. Nf3 e6 3. d4 cxd4 4. Nxd4 Nf6 5. Bd3 d6 6. Nc3 a6 7. Be3 e5 8. Nb3 Be7 9. O-O O-O 10. h3 Be6 11. Kh1 Nbd7 12. f4 exf4 13. Bxf4 Ne5 14. Nd4 Rc8 15. Nf5 Bxf5 16. exf5 Qb6 17. Rb1 Qc5 18. Re1 Rfe8 19. Ne4 Nxd3 20. cxd3 Qxf5 21. Bxd6 Nxe4 22. dxe4 Qe6 23. Bxe7 Rxe7 24. Rc1 Rce8 25. b3 g6 26. Qd4 Qe5 27. Qb4 Qg3 28. Rf1 Qd3 29. e5 Qe2 30. Rce1 Qxa2 31. Qc4 Qa5 32. Re3 Qc7 33. Qf4 Rxe5 34. Rc3 Qe7 35. Rcf3 Rf5 36. Qc4 Rxf3 37. Rxf3 Qe6 38. Qf1 Re7 39. Kh2 Kg7 40. Kh1 f6 41. Qd3 Qe1+ 42. Rf1 Qe2 43. Qb1 Re5 44. Qc1 Re7 45. Qb1 Qe5 46. Qd3 Qe6 47. Qf3 Rd7 48. Rc1 Qe7 49. Qc3 Qd8 50. Qf3 Rd5 51. Rf1 Qd6 52. Rc1 b5 53. Ra1 a5 54. Rc1 g5 55. Rf1 a4 56. bxa4 bxa4 57. Qg4 a3 58. Qa4 Rd3 59. Rb1 Qd5 60. Qa7+ Kh6 61. Qg1 Rxh3+ 62. Qh2 Rxh2+ 63. Kxh2 a2 64. Rh1 a1=Q 0-1

[Event "VI Floripa Open 2020"]
[Site "Florianopolis"]
[Date "2020.01.21"]
[Round "2.42"]
[White "Da Silva, Anderson Lemes"]
[Black "Molina, Roberto Junio Brito"]
[Result "0-1"]
[ECO "D02"]
[WhiteElo "1788"]
[BlackElo "2431"]
[Annotator "ChessBase"]
[PlyCount "106"]
[EventDate "2020.01.20"]
[EventType "swiss"]
[EventRounds "10"]
[EventCountry "BRA"]
[SourceTitle "playchess.com"]
[Source "ChessBase"]
[SourceQuality "1"]
[TimeControl "5400+30"]

1. d4 Nf6 2. Nf3 c5 3. c3 d5 4. Bf4 Nc6 5. e3 Qb6 6. Qc1 Bf5 7. Nbd2 h6 8. dxc5 Qxc5 9. Nb3 Qb6 10. Nbd4 Nxd4 11. Nxd4 Bd7 12. Bd3 e6 13. O-O Bd6 14. Bxd6 Qxd6 15. Qd2 O-O 16. Rfe1 Rfd8 17. Rad1 e5 18. Nc2 Qc7 19. h3 Rac8 20. f4 Ba4 21. Bf5 Ne4 22. Qc1 Bd7 23. Bxe4 dxe4 24. fxe5 Qxe5 25. Rd4 Bxh3 26. Qd2 Qg5 27. Kh1 Bg4 28. Qf2 Re8 29. Rf1 Qh5+ 30. Kg1 Rc6 31. Qg3 Be2 32. Rf4 Rg6 33. Qf2 Bd3 34. Ne1 Bb1 35. b3 Rge6 36. Qb2 Bd3 37. Qd2 Bb5 38. c4 Bc6 39. b4 a6 40. Qc2 Qe5 41. a4 R6e7 42. b5 Bd7 43. Rdxe4 Qc7 44. Rxe7 Rxe7 45. Qd2 Be6 46. c5 axb5 47. axb5 Qxc5 48. Qd3 Bd7 49. Rd4 Qxb5 50. Qa3 Re8 51. Qd6 Bc6 52. Qf4 Qe2 53. Nf3 Bxf3 0-1

[Event "VI Floripa Open 2020"]
[Site "Florianopolis"]
[Date "2020.01.21"]
[Round "2.43"]
[White "Goncalves, Davi Sulzbacher"]
[Black "Almeida, Heidy Jose Moreira D"]
[Result "1-0"]
[ECO "D85"]
[WhiteElo "2282"]
[BlackElo "1897"]
[Annotator "ChessBase"]
[PlyCount "48"]
[EventDate "2020.01.20"]
[EventType "swiss"]
[EventRounds "10"]
[EventCountry "BRA"]
[SourceTitle "playchess.com"]
[Source "ChessBase"]
[SourceQuality "1"]
[TimeControl "5400+30"]

1. d4 Nf6 2. Nf3 g6 3. c4 Bg7 4. Nc3 d5 5. cxd5 Nxd5 6. e4 Nxc3 7. bxc3 c5 8. Rb1 O-O 9. Be2 Nc6 10. d5 Bxc3+ 11. Bd2 Bxd2+ 12. Qxd2 Nd4 13. Nxd4 cxd4 14. Qxd4 Qa5+ 15. Kf1 e6 16. h4 h6 17. h5 g5 18. Qf6 Qxa2 19. Rd1 Kh7 20. e5 Qb3 21. Rh3 Qa4 22. Bd3+ Kg8 23. Re1 b6 24. Qxh6 Ba6 1-0

[Event "VI Floripa Open 2020"]
[Site "Florianopolis"]
[Date "2020.01.21"]
[Round "2.44"]
[White "Maiberg, Wellington Gubiani"]
[Black "Gauche, Charles"]
[Result "1/2-1/2"]
[ECO "A31"]
[WhiteElo "1960"]
[BlackElo "2258"]
[Annotator "ChessBase"]
[PlyCount "77"]
[EventDate "2020.01.20"]
[EventType "swiss"]
[EventRounds "10"]
[EventCountry "BRA"]
[SourceTitle "playchess.com"]
[Source "ChessBase"]
[SourceQuality "1"]
[TimeControl "5400+30"]

1. e4 c5 2. Nf3 e6 3. d4 cxd4 4. Nxd4 a6 5. c4 Qc7 6. Be2 Nf6 7. Nc3 d6 8. O-O Nbd7 9. Be3 b6 10. Rc1 Bb7 11. f3 Be7 12. Qd2 O-O 13. Rfd1 Rac8 14. b3 Qb8 15. Bf1 Bd8 16. Nc2 Bc7 17. g3 Ne5 18. Bg2 Rfd8 19. Bg5 Ned7 20. Qe2 h6 21. Bd2 Qa8 22. Ne3 Bc6 23. Be1 Re8 24. b4 Bb7 25. g4 d5 26. cxd5 exd5 27. Nf5 dxe4 28. fxe4 Ne5 29. Nd5 Bxd5 30. exd5 Nexg4 31. Ne7+ Kf8 32. d6 Qb8 33. Qxa6 Bxd6 34. Rxc8 Bc5+ 35. bxc5 Qxh2+ 36. Kf1 Qf4+ 37. Kg1 Qh2+ 38. Kf1 Qf4+ 39. Kg1 1/2-1/2

[Event "VI Floripa Open 2020"]
[Site "Florianopolis"]
[Date "2020.01.21"]
[Round "2.45"]
[White "Brito, Luismar"]
[Black "Silva, Marcelo dos Santos"]
[Result "1-0"]
[ECO "C00"]
[WhiteElo "2227"]
[BlackElo "1936"]
[Annotator "ChessBase"]
[PlyCount "63"]
[EventDate "2020.01.20"]
[EventType "swiss"]
[EventRounds "10"]
[EventCountry "BRA"]
[SourceTitle "playchess.com"]
[Source "ChessBase"]
[SourceQuality "1"]
[TimeControl "5400+30"]

1. Nc3 e6 2. Nf3 d5 3. e4 d4 4. Ne2 c5 5. c3 dxc3 6. bxc3 Nc6 7. Ng3 Nf6 8. Be2 Be7 9. O-O O-O 10. d4 cxd4 11. cxd4 Qc7 12. Be3 Rd8 13. Qc2 Ng4 14. Rab1 Nxe3 15. fxe3 Qb8 16. e5 h6 17. Qe4 Bf8 18. Nh5 Ne7 19. Bd3 g6 20. Nh4 Nf5 21. Nf6+ Kh8 22. Qg4 Nxh4 23. Qxh4 Qc7 24. Ne4 Bg7 25. Rf2 Rd7 26. Rbf1 Qd8 27. Qxd8+ Rxd8 28. Nd6 Kh7 29. Rxf7 b6 30. Re1 h5 31. Ref1 Rg8 32. R1f6 1-0

[Event "VI Floripa Open 2020"]
[Site "Florianopolis"]
[Date "2020.01.21"]
[Round "2.46"]
[White "Azevedo, Edmundo Roberto Ramo"]
[Black "Da Silva, Paolo Ghiu M. Rego"]
[Result "0-1"]
[ECO "A47"]
[WhiteElo "1926"]
[BlackElo "2171"]
[Annotator "ChessBase"]
[PlyCount "89"]
[EventDate "2020.01.20"]
[EventType "swiss"]
[EventRounds "10"]
[EventCountry "BRA"]
[SourceTitle "playchess.com"]
[Source "ChessBase"]
[SourceQuality "1"]
[TimeControl "5400+30"]

1. d4 Nf6 2. Nf3 e6 3. Bf4 c5 4. c3 b6 5. e3 Bb7 6. Be2 Be7 7. Nbd2 O-O 8. O-O Nh5 9. Be5 d6 10. Bg3 Nxg3 11. hxg3 Nd7 12. Bd3 Rc8 13. Qa4 a6 14. Rac1 b5 15. Qd1 Qb6 16. Be4 Rc7 17. Bxb7 Qxb7 18. Nb3 Rfc8 19. dxc5 dxc5 20. Nfd2 c4 21. Nd4 Ne5 22. a3 Rd8 23. Qh5 Rc5 24. Rb1 g6 25. Qe2 h5 26. Rfd1 Kg7 27. N2f3 Nd3 28. Ne1 e5 29. Ndf3 e4 30. Nd4 Qd7 31. f3 h4 32. Nxd3 cxd3 33. Qf2 Rh8 34. gxh4 Bxh4 35. g3 Bf6 36. Nb3 Rcc8 37. Qg2 Qe6 38. Nd2 Qa2 39. Nf1 a5 40. Ra1 Qb3 41. Rab1 Rc7 42. Nd2 Qa2 43. Nf1 Rhc8 44. Ra1 Qb3 45. Rab1 0-1

[Event "VI Floripa Open 2020"]
[Site "Florianopolis"]
[Date "2020.01.21"]
[Round "2.47"]
[White "Pedroso, Denian"]
[Black "Campos, Igor Ribeiro"]
[Result "0-1"]
[ECO "C00"]
[WhiteElo "1873"]
[BlackElo "2164"]
[Annotator "ChessBase"]
[PlyCount "78"]
[EventDate "2020.01.20"]
[EventType "swiss"]
[EventRounds "10"]
[EventCountry "BRA"]
[SourceTitle "playchess.com"]
[Source "ChessBase"]
[SourceQuality "1"]
[TimeControl "5400+30"]

1. e4 e6 2. Qe2 c5 3. Nf3 Nc6 4. c3 e5 5. Na3 g6 6. d3 Bg7 7. g3 Nge7 8. Bg2 d6 9. Nc2 O-O 10. O-O f5 11. b4 cxb4 12. cxb4 Bd7 13. Nd2 f4 14. Nc4 b5 15. Nd2 Rc8 16. Bb2 Qb6 17. a4 bxa4 18. Nc4 Qb8 19. Rfb1 Nd4 20. Bxd4 exd4 21. N2a3 Rf7 22. b5 Rcf8 23. f3 d5 24. Nd2 fxg3 25. hxg3 Qxg3 26. Rb4 Bh6 27. Nf1 Qg5 28. Nh2 Qe5 29. Nc2 Bf4 30. Nf1 Nf5 31. Qf2 Ne3 32. Raxa4 Rc8 33. Nxd4 Rc1 34. Ne2 Nxf1 35. Bxf1 Qg5+ 36. Kh1 Qh6+ 37. Kg1 Be3 38. Nxc1 Bxf2+ 39. Kxf2 Qxc1 0-1

[Event "VI Floripa Open 2020"]
[Site "Florianopolis"]
[Date "2020.01.21"]
[Round "2.48"]
[White "Bracht, Rainer"]
[Black "Piccoli, Lucas Fonseca"]
[Result "0-1"]
[ECO "E41"]
[WhiteElo "1856"]
[BlackElo "2159"]
[Annotator "ChessBase"]
[PlyCount "104"]
[EventDate "2020.01.20"]
[EventType "swiss"]
[EventRounds "10"]
[EventCountry "BRA"]
[SourceTitle "playchess.com"]
[Source "ChessBase"]
[SourceQuality "1"]
[TimeControl "5400+30"]

1. d4 Nf6 2. c4 e6 3. Nc3 Bb4 4. e3 O-O 5. Bd3 c5 6. Nf3 Nc6 7. O-O Bxc3 8. bxc3 d6 9. e4 e5 10. d5 Ne7 11. Bg5 Ng6 12. Nh4 h6 13. Nxg6 fxg6 14. Bd2 g5 15. f3 Nh5 16. g3 Qe8 17. Rf2 Bd7 18. Be3 Nf6 19. g4 Rf7 20. Rb2 Bc8 21. a4 Nh7 22. Bf2 Nf8 23. a5 Ng6 24. Bg3 Qf8 25. Kg2 Rf6 26. Bc2 Qf7 27. Bd3 h5 28. h3 hxg4 29. hxg4 Nh4+ 30. Bxh4 gxh4 31. Qe2 g5 32. Qe3 Rf4 33. Be2 Rb8 34. Rb5 Qc7 35. Qd2 Bd7 36. Rb3 Rbf8 37. Qe3 Bc8 38. Rbb1 Qh7 39. Rh1 Qf7 40. Rhf1 Kg7 41. Rab1 Qc7 42. Ra1 Kg6 43. Ra2 Qf7 44. Raa1 Qh7 45. Rh1 R8f7 46. Bd1 Qg8 47. Ra2 Qf8 48. Rb2 Qd8 49. Ra2 Rf8 50. Kh3 R4f7 51. Rhh2 Qf6 52. Kg2 Bxg4 0-1

[Event "VI Floripa Open 2020"]
[Site "Florianopolis"]
[Date "2020.01.21"]
[Round "2.49"]
[White "Kanzler, Karina Daniela Ferre"]
[Black "Moura, Eduardo Eugenio Chav"]
[Result "1/2-1/2"]
[ECO "A04"]
[WhiteElo "1867"]
[BlackElo "2138"]
[Annotator "ChessBase"]
[PlyCount "68"]
[EventDate "2020.01.20"]
[EventType "swiss"]
[EventRounds "10"]
[EventCountry "BRA"]
[SourceTitle "playchess.com"]
[Source "ChessBase"]
[SourceQuality "1"]
[TimeControl "5400+30"]

1. Nf3 d6 2. b3 e5 3. e4 Nf6 4. d3 Be7 5. Be2 O-O 6. O-O a5 7. Bb2 a4 8. bxa4 Rxa4 9. Nc3 Ra8 10. d4 Nbd7 11. Bc4 c6 12. dxe5 dxe5 13. Qe2 Ba3 14. Bxa3 Rxa3 15. Bb3 Qe7 16. Rfe1 Nc5 17. Rad1 Bg4 18. h3 Bxf3 19. Qxf3 b5 20. Nb1 Raa8 21. Nd2 Rfd8 22. Qf5 g6 23. Qg5 Ra7 24. Nf3 Re8 25. Qh4 Kg7 26. Nh2 Rd7 27. f3 Red8 28. Rxd7 Qxd7 29. Qf2 Qd4 30. Qxd4 Rxd4 31. Nf1 h5 32. Kf2 h4 33. Re3 Nh5 34. Rc3 Nxb3 1/2-1/2

[Event "VI Floripa Open 2020"]
[Site "Florianopolis"]
[Date "2020.01.21"]
[Round "2.50"]
[White "Dias, Anderson Tatsch"]
[Black "Buganca, Luiz Henrique Da Sil"]
[Result "1-0"]
[ECO "E10"]
[WhiteElo "2136"]
[BlackElo "1854"]
[Annotator "ChessBase"]
[PlyCount "129"]
[EventDate "2020.01.20"]
[EventType "swiss"]
[EventRounds "10"]
[EventCountry "BRA"]
[SourceTitle "playchess.com"]
[Source "ChessBase"]
[SourceQuality "1"]
[TimeControl "5400+30"]

1. d4 Nf6 2. c4 e6 3. Nf3 c5 4. d5 d6 5. Nc3 e5 6. e4 Be7 7. h3 h5 8. Be3 Nbd7 9. Qd2 Nf8 10. Bd3 Bd7 11. a3 Ng6 12. b4 b6 13. O-O Qc8 14. Ng5 Nh7 15. Nxh7 Rxh7 16. Kh2 Bf6 17. bxc5 bxc5 18. Rab1 Rh8 19. Ne2 Nh4 20. Ng1 Ng6 21. Rfe1 Kf8 22. Ne2 Nh4 23. Ng1 Ng6 24. g3 h4 25. g4 Nf4 26. Bxf4 exf4 27. Nf3 g5 28. e5 dxe5 29. Nxe5 Qc7 30. Nf3 Kg7 31. Qc2 Rhe8 32. Bf5 Rxe1 33. Rxe1 Rb8 34. Rb1 Re8 35. Bxd7 Qxd7 36. Rb5 Qe7 37. Kg2 a6 38. Rb6 Qe4 39. Qxe4 Rxe4 40. d6 Rxc4 41. d7 Be7 42. Rb8 f6 43. d8=Q Bxd8 44. Rxd8 Rc3 45. Rd7+ Kg6 46. Rc7 a5 47. a4 Rc4 48. Nd2 Rxa4 49. Rxc5 Ra3 50. Rf5 Ra4 51. Nb3 Ra3 52. Nc5 Rc3 53. Ne4 Rc6 54. Rxa5 Re6 55. Kf3 Rb6 56. Rc5 Rb3+ 57. Rc3 Rb6 58. Rd3 Kf7 59. Rd6 Rb3+ 60. Kg2 f3+ 61. Kh2 Ke7 62. Rxf6 Rb4 63. Rxf3 Rxe4 64. Rf5 Re2 65. Kg2 1-0

[Event "VI Floripa Open 2020"]
[Site "Florianopolis"]
[Date "2020.01.21"]
[Round "2.51"]
[White "Calcado, Acyr Rogerio"]
[Black "De Freitas, Julio Eimard"]
[Result "1/2-1/2"]
[ECO "B96"]
[WhiteElo "2132"]
[BlackElo "1834"]
[Annotator "ChessBase"]
[PlyCount "51"]
[EventDate "2020.01.20"]
[EventType "swiss"]
[EventRounds "10"]
[EventCountry "BRA"]
[SourceTitle "playchess.com"]
[Source "ChessBase"]
[SourceQuality "1"]
[TimeControl "5400+30"]

1. e4 c5 2. Nf3 d6 3. d4 cxd4 4. Nxd4 Nf6 5. Nc3 a6 6. Bg5 e6 7. f4 b5 8. e5 dxe5 9. fxe5 Qc7 10. Qe2 Nbd7 11. O-O-O Bb7 12. Bf4 Nc5 13. Qe3 b4 14. Nce2 Nfd7 15. Ng3 Nb6 16. Be2 Nd5 17. Qf2 g6 18. Rhe1 h5 19. Bd2 h4 20. Nf1 Qa5 21. Bc4 Nb6 22. Bxe6 fxe6 23. Qf6 Qxa2 24. Qxg6+ Kd7 25. Bg5 Bd5 26. Ne3 1/2-1/2

[Event "VI Floripa Open 2020"]
[Site "Florianopolis"]
[Date "2020.01.21"]
[Round "2.52"]
[White "Souza, Rafael Cabral De"]
[Black "Valcarcel, Victor Ignacio dos S"]
[Result "1-0"]
[ECO "A38"]
[WhiteElo "2104"]
[BlackElo "1856"]
[Annotator "ChessBase"]
[PlyCount "89"]
[EventDate "2020.01.20"]
[EventType "swiss"]
[EventRounds "10"]
[EventCountry "BRA"]
[SourceTitle "playchess.com"]
[Source "ChessBase"]
[SourceQuality "1"]
[TimeControl "5400+30"]

1. Nf3 c5 2. c4 Nf6 3. g3 g6 4. Bg2 Bg7 5. Nc3 Nc6 6. O-O O-O 7. d3 d6 8. a3 Be6 9. Rb1 Qd7 10. Ng5 d5 11. cxd5 Bxd5 12. Nxd5 Nxd5 13. Bd2 Rad8 14. h4 b6 15. b4 cxb4 16. axb4 h6 17. Nf3 Nc3 18. Bxc3 Bxc3 19. b5 Nd4 20. Nxd4 Qxd4 21. Qc1 Kh7 22. Qa3 Qe5 23. Rfc1 Bd4 24. e3 Bxe3 25. fxe3 Qxe3+ 26. Kh1 Rxd3 27. Qxa7 Qxg3 28. Qxe7 Rd2 29. Qe4 Re8 30. Rb3 Qf2 31. Qg4 Ree2 32. Rg3 Rd4 33. Qh3 Red2 34. Rf1 Rd1 35. Rf3 Rxf1+ 36. Bxf1 Qa2 37. h5 Qd5 38. hxg6+ fxg6 39. Qg3 Qh5+ 40. Bh3 Rd1+ 41. Kh2 Rc1 42. Rf7+ Kg8 43. Rf2 Kg7 44. Qd6 Rc8 45. Qd7+ 1-0